 Dungeon Crawl Stone Soup version 0.29-a0-284-gf9362112df (webtiles) character file.

Game seed: 17287396823395680514

213661 enile the Bludgeoner (level 18, -6/127 HPs)
             Began as a Gnoll Wanderer on Mar 26, 2022.
             Was the Champion of Hepliaklqana.
             Mangled by a spectral four-headed hydra (8 damage)
             ... on level 4 of the Swamp on Mar 27, 2022.
             The game lasted 01:29:16 (36956 turns).

enile the Bludgeoner (Gnoll Wanderer)              Turns: 36956, Time: 01:29:17

Health: -6/127     AC: 23    Str: 26    XL:     18   Next: 96%
Magic:  32/34      EV: 18    Int:  9    God:    Hepliaklqana [******]
Gold:   2482       SH: 20    Dex: 41    Spells: 30/42 levels left

rFire   + . .      SeeInvis .   X - +1 falchion of Sin {vamp, Fragile Str+3 Dex+6}
rCold   + + .      Faith    .   M - +2 kite shield of Indemnity {Harm Will- Dex+4}
rNeg    + . .      Spirit   .   y - +0 crystal plate armour "Rappideceb" {Rampage Will+ Regen+}
rPois   +          Reflect  .   v - +2 helmet
rElec   .          Harm     +   U - scarf {rC+ rF+}
rCorr   .          Rampage  +   g - +0 pair of fencer's gloves {Riposte Dex+3}
Will    +....                   (no boots)
Stlth   +.........              I - amulet of regeneration
HPRegen 1.91/turn               b - ring of Moodiness {rPois Will- Str+8 Dex+3 Stlth+}
MPRegen 0.24/turn               h - ring of Fawnacov {rC+ rN+ Will+ Dex+6}

@: corroded, on blink cooldown, slowed, very slow
A: reduced essence, fangs 1, strong nose, distributed training
}: 1/15 runes: gossamer
a: Renounce Religion, Recall Ancestor, Ancestor Identity, Transference, Idealise


You were on level 4 of the Swamp.
You worshipped Hepliaklqana.
Hepliaklqana was exalted by your worship.
You visited 5 branches of the dungeon, and saw 31 of its levels.
You also visited: Ossuary, Bailey and Gauntlet.

You collected 3947 gold pieces.
You spent 1465 gold pieces at shops.

Inventory:

Hand Weapons
 E - the +6 rapier of Articulation {vorpal, Dex+4}
   (You found it in a Gauntlet)

   It inflicts extra damage upon your enemies.
   Dex:       It affects your dexterity (+4).
 F - the +10 trident of the Sugar Beet {vamp, rC+ rCorr Dex-5 Stlth+}
   (You found it in a Gauntlet)

   It occasionally heals its wielder for a portion of the damage dealt when it
   wounds a living foe.
   Dex:       It affects your dexterity (-5).
   rC:        It protects you from cold.
   rCorr:     It protects you from acid and corrosion.
   Stlth:     It makes you more stealthy.
 V - the +6 long sword "Nocwiut" {flame, rPois rCorr}
   (You found it on level 8 of the Dungeon)

   It burns those it strikes, dealing additional fire damage.
   Big, fiery blades are also staple armaments of hydra-hunters.
   rPois:     It protects you from poison.
   rCorr:     It protects you from acid and corrosion.
 X - the +1 falchion of Sin (weapon) {vamp, Fragile Str+3 Dex+6}
   (You found it on level 1 of the Spider Nest)

   It occasionally heals its wielder for a portion of the damage dealt when it
   wounds a living foe.
   Str:       It affects your strength (+3).
   Dex:       It affects your dexterity (+6).
   Fragile:   It will be destroyed if unequipped.
Missiles
 d - 9 javelins (quivered)
 f - 3 curare-tipped darts
Armour
 g - the +0 pair of fencer's gloves (worn) {Riposte Dex+3}
   (You found it in a Gauntlet)

   It allows the wearer to riposte with melee weapons, swiftly retaliating
   against missed attacks.
   Dex:       It affects your dexterity (+3).
 j - an orb of wrath
 k - the +6 chain mail of Creativity {SInv}
   (You found it on level 1 of the Lair of Beasts)

   SInv:      It lets you see invisible.
 p - the +3 ring mail of the Dropbear {rPois Int+4}
   (You found it on level 10 of the Dungeon)

   Int:       It affects your intelligence (+4).
   rPois:     It protects you from poison.
 v - a +2 helmet (worn)
 y - the +0 crystal plate armour "Rappideceb" (worn) {Rampage Will+ Regen+}
   (You took it off a minotaur in a Gauntlet)

   Regen:     It increases your rate of health regeneration.
   Rampage:   It bestows one free step when moving towards enemies.
   Will:      It increases your willpower.
 J - a scarf of repulsion
 M - the +2 kite shield of Indemnity (worn) {Harm Will- Dex+4}
   (You took it off Donald on level 4 of the Spider Nest)

   Dex:       It affects your dexterity (+4).
   Harm:      It increases damage dealt and taken.
   Will:      It decreases your willpower.
 T - the +4 skin of Zhor {*Englaciate rC+++ SInv}
   (You found it on level 3 of the Lair of Beasts)

   It radiates cold, occasionally slowing all nearby creatures who are not
   resistant to cold.
   rC:        It renders you almost immune to cold.
   SInv:      It lets you see invisible.
 U - a scarf of resistance (worn)
Jewellery
 b - the ring of Moodiness (left hand) {rPois Will- Str+8 Dex+3 Stlth+}
   (You acquired it on level 1 of the Lair of Beasts)

   [ring of poison resistance]

   Str:       It affects your strength (+8).
   Dex:       It affects your dexterity (+3).
   rPois:     It protects you from poison.
   Will:      It decreases your willpower.
   Stlth:     It makes you more stealthy.
 c - a ring of flight
 h - the ring of Fawnacov (right hand) {rC+ rN+ Will+ Dex+6}
   (You found it on level 11 of the Dungeon)

   [ring of dexterity]

   Dex:       It affects your dexterity (+6).
   rC:        It protects you from cold.
   rN:        It protects you from negative energy.
   Will:      It increases your willpower.
 B - a ring of protection from cold
 I - an amulet of regeneration (around neck)
Wands
 a - a wand of digging (23)
 l - a wand of charming (8)
 s - a wand of flame (26)
 G - a wand of polymorph (9)
 L - a wand of acid (4)
 O - a wand of iceblast (16)
 Q - a wand of paralysis (54)
 Y - a wand of mindburst (13)
Scrolls
 e - 2 scrolls of magic mapping
 n - 11 scrolls of teleportation
 o - a scroll of amnesia
 q - 6 scrolls of enchant weapon
 u - a scroll of silence
 C - a scroll of immolation
 K - 5 scrolls of torment
 P - 3 scrolls of brand weapon
 Z - 3 scrolls of fear
Potions
 i - a potion of attraction {unknown}
 m - 3 potions of flight
 r - 6 potions of haste
 w - 4 potions of might
 x - 3 potions of mutation
 z - 4 potions of brilliance
 A - a potion of resistance
 D - 5 potions of ambrosia
 H - 3 potions of magic
 N - 4 potions of lignification
 R - a potion of heal wounds
 S - 6 potions of curing
 W - a potion of berserk rage {unknown}
Miscellaneous
 t - a box of beasts


   Skills:
 + Level 12.7 Fighting
 + Level 12.7 Short Blades
 + Level 12.7 Long Blades
 + Level 12.7 Axes
 + Level 15.1 Maces & Flails
 + Level 14.2 Polearms
 + Level 12.7 Staves
 + Level 12.7 Slings
 + Level 12.7 Bows
 + Level 12.7 Crossbows
 + Level 12.7 Throwing
 + Level 12.7 Armour
 + Level 13.0 Dodging
 + Level 12.7 Stealth
 + Level 12.7 Shields
 + Level 12.7 Unarmed Combat
 + Level 12.7 Spellcasting
 + Level 10.8 Conjurations
 + Level 10.8 Hexes
 + Level 10.8 Summonings
 + Level 10.8 Necromancy
 + Level 10.8 Translocations
 + Level 10.8 Transmutations
 + Level 10.8 Fire Magic
 + Level 10.8 Ice Magic
 + Level 10.8 Air Magic
 + Level 10.8 Earth Magic
 + Level 10.8 Poison Magic
 + Level 13.8 Invocations
 + Level 13.5 Evocations


You had 30 spell levels left.
You knew the following spells:

 Your Spells              Type           Power      Damage    Failure   Level
a - Blink                 Tloc           50%        N/A       12%         2
b - Borgnjor's Vile Clut  Necr/Erth      12%        N/A       91%         5
c - Lightning Bolt        Conj/Air       12%        1d26      91%         5

Your spell library contained the following spells:

 Spells                   Type           Power      Damage    Failure   Level
 Apportation              Tloc           50%        N/A       8%          1
 Shock                    Conj/Air       100%       1d9       8%          1
 Slow                     Hex            100%       N/A       8%          1
 Corpse Rot               Necr/Air       50%        N/A       12%         2
 Static Discharge         Conj/Air       25%        N/A       12%         2
 Confusing Touch          Hex            25%        N/A       22%         3
 Conjure Flame            Conj/Fire      25%        6-21      22%         3
 Frozen Ramparts          Ice            50%        1d7       22%         3
 Gell's Gravitas          Tloc           25%        N/A       22%         3
 Inner Flame              Hex/Fire       25%        N/A       22%         3
 Lesser Beckoning         Tloc           25%        N/A       22%         3
 Summon Guardian Golem    Hex/Summ       25%        N/A       22%         3
 Swiftness                Air            25%        N/A       22%         3
 Teleport Other           Tloc           25%        N/A       22%         3
 Tukima's Dance           Hex            25%        N/A       22%         3
 Vampiric Draining        Necr           25%        2d7       22%         3
 Airstrike                Air            12%        N/A       58%         4
 Cause Fear               Hex            12%        N/A       58%         4
 Dispel Undead            Necr           25%        3d12      58%         4
 Ice Form                 Ice/Tmut       25%        N/A       58%         4
 Leda's Liquefaction      Hex/Erth       12%        N/A       58%         4
 Olgreb's Toxic Radiance  Pois           25%        N/A       58%         4
 Sticky Flame             Conj/Fire      25%        2d5       58%         4
 Summon Ice Beast         Ice/Summ       25%        N/A       58%         4
 Fireball                 Conj/Fire      12%        3d7       91%         5
 Iskenderun's Battlesphe  Conj           25%        2d8       91%         5
 Lee's Rapid Deconstruct  Erth           12%        3d10*     91%         5
 Manifold Assault         Tloc           25%        N/A       91%         5
 Silence                  Hex/Air        12%        N/A       91%         5
 Yara's Violent Unravell  Hex/Tmut       12%        3d7       91%         5
 Conjure Ball Lightning   Conj/Air       12%        3x3d6     100%        6
 Death Channel            Necr           12%        N/A       100%        6
 Dispersal                Tloc           12%        N/A       100%        6
 Starburst                Conj/Fire      12%        6d5       100%        6
 Statue Form              Tmut/Erth      16%        N/A       100%        6
 Enfeeble                 Hex            12%        N/A       100%        7
 Orb of Destruction       Conj           12%        9d7       100%        7
 Ozocubu's Refrigeration  Ice            12%        4d7       100%        7
 Discord                  Hex            12%        N/A       100%        8
 Disjunction              Tloc           12%        N/A       100%        8
 Ignition                 Fire           12%        3d6       100%        8


Dungeon Overview and Level Annotations

Branches:
Dungeon (15/15)            Temple (0/1) D:4            Lair (6/6) D:11
  Swamp (4/4) Lair:2       Spider (4/4) Lair:4        Slime (0/5) Lair:5
    Orc (2/2) D:10            Elf (0/3) Orc:2        Vaults (0/5) D:14
 Depths (0/4) D:15        Ossuary (visited)          Bailey (visited)
Gauntlet (visited)

Altars:
Ashenzari
Dithmenos
Gozag
Hepliaklqana
Qazlal
Ru
Yredelemnul
The Shining One
Beogh
Jiyva

Shops:
Orc:2 ?:**(

Portals:
Trove: D:12 (give 2 scrolls of acquirement)

Annotations:
Swamp:4 exclusion: oklob plant
Spider:2 3 runed translucent doors, Efeguoh's ghost, adept SpEn


Innate Abilities, Weirdness & Mutations

Your life essence is reduced to manifest your ancestor. (-10% HP)
You have very sharp teeth.
Your uncanny sense of smell can sniff out nearby items.
Your experience applies equally to all skills.


Message History

The phantasmal warrior hits you!
* * * LOW HITPOINT WARNING * * *
The spectral swamp dragon bites you but does no damage.
You block the spectral swamp dragon's attack. x2
The spectral four-headed hydra misses you.
The spectral four-headed hydra bites you but does no damage.
The spectral four-headed hydra closely misses you.
The spectral four-headed hydra bites you but does no damage.
Casting: Blink (safe; 12% risk of failure)
Confirm with . or Enter, or press ? or * to list all spells.
Okay, then.
Casting: Blink (safe; 12% risk of failure)
Confirm with . or Enter, or press ? or * to list all spells.
You blink.
A swamp dragon zombie comes into view.
A four-headed hydra zombie comes into view.
The spectral four-headed hydra bites you but does no damage.
You block the spectral four-headed hydra's attack. x2
The spectral four-headed hydra bites you.
* * * LOW HITPOINT WARNING * * *
You block the phantasmal warrior's attack.
The spectral four-headed hydra closely misses you.
The spectral four-headed hydra bites you but does no damage.
You block the spectral four-headed hydra's attack.
The spectral four-headed hydra bites you but does no damage.
The phantasmal warrior hits you but does no damage.
Okay, then.
You barely miss the phantasmal warrior.
The phantasmal warrior is lightly damaged.
The spectral swamp dragon bites you but does no damage.
The spectral swamp dragon completely misses you.
You block the spectral swamp dragon's attack.
The oklob plant spits acid at you. The splash of acid hits you!
* * * LOW HITPOINT WARNING * * *
The acid corrodes you!
The spectral four-headed hydra bites you but does no damage.
You block the spectral four-headed hydra's attack.
The spectral four-headed hydra bites you!
You die...

♣♣♣♣ ∆##...#
##..##
#...##
##(°≈## ##
##≈..# ..# .
#.(###.≈#
...
#.Z#..≈≈#
#..≈≈#ZZW.≈#
#..≈≈Z.@≈≈#
###..Z≈≈≈##
##≈≈≈≈##
##P≈## ####


You could see an oklob plant, a phantasmal warrior, a spectral four-headed
hydra, a spectral swamp dragon, a six-headed hydra zombie, a four-headed hydra
zombie and a swamp dragon zombie.

Vanquished Creatures
  Nikola (Swamp:1)
  A tengu reaver (D:14)
  Kirke (Swamp:1)
  A thorn hunter (Swamp:1)
  A frost giant (D:14)
  6 emperor scorpions
  4 ghost moths
  A broodmother (Spider:1)
  6 eleionomae
  An entropy weaver (Spider:2)
  A minotaur (Gauntlet)
  2 bunyips
  Fannar (Lair:2)
  5 boulder beetles
  11 hydras
  3 two-headed ogres
  A ghost crab (Swamp:2)
  A catoblepas (Lair:6)
  A centaur warrior (D:15)
  5 alligators
  2 tengu warriors (D:15)
  A death scarab (Spider:4)
  4 spriggans
  Sonja (D:13)
  4 pharaoh ants
  A sun moth (Spider:4)
  2 steelbarb worms
  A wizard (D:14)
  7 orb spiders
  A spriggan druid (Swamp:1)
  2 swamp dragons
  3 bog bodies (Swamp:4)
  A necromancer (Gauntlet)
  4 spectral wolf spiders (Spider:2)
  A wolf spider zombie (Spider:2)
  2 deep elf pyromancers (D:14)
  5 orc sorcerers
  6 ugly things
  Pikel (D:7)
  5 oklob plants
  5 wolf spiders
  3 will-o-the-wisps
  A manticore (D:13)
  A moth of wrath (Spider:1)
  6 elephants
  2 cyclopes
  A black mamba (shapeshifter) (D:14)
  A guardian serpent (shapeshifter) (D:15)
  11 torpor snails
  A gargoyle (D:10)
  2 black mambas (Lair:2)
  Maggie (D:9)
  14 cane toads
  7 demonic crawlers
  An unseen horror (D:12)
  A rime drake (shapeshifter) (D:14)
  A yaktaur (D:15)
  3 komodo dragons
  4 rime drakes
  3 swamp worm zombies (Swamp:4)
  A troll (shapeshifter) (D:15)
  2 polar bears
  2 trolls
  A bloated husk (Swamp:4)
  A meliai (Spider:4)
  15 tarantellas
  Grinder (D:6)
  A wolf spider simulacrum (Spider:2)
  A hornet (shapeshifter) (D:14)
  2 hydra zombies (Swamp:4)
  A queen bee (shapeshifter) (Gauntlet)
  3 slime creatures (D:13)
  3 alligator zombies (Swamp:4)
  A spectral swamp dragon (Swamp:4)
  4 tyrant leeches
  14 blink frogs
  3 hornets
  4 dream sheep
  16 jumping spiders
  A vampire (D:14)
  A shadow (D:6)
  6 culicivoras
  22 yaks
  2 hogs (Swamp:1)
  A steam dragon (D:7)
  24 redbacks
  3 basilisks
  4 wargs (Orc:2)
  6 vampire mosquitoes
  9 swamp worms
  8 water moccasins
  An acid dragon (D:11)
  A sky beast (D:6)
  14 orc warriors
  A black bear (Lair:1)
  2 ogres (Orc:2)
  18 wolves
  A swamp dragon zombie (Swamp:4)
  9 centaurs
  A centaur (shapeshifter) (Gauntlet)
  2 phantoms
  A kobold brigand (D:4)
  8 bullfrogs
  A necrophage (D:5)
  A gnoll sergeant (D:10)
  A scorpion (D:4)
  2 wights (D:4)
  A water moccasin zombie (Ossuary)
  A killer bee (D:10)
  An electric eel (Lair:2)
  A howler monkey (D:10)
  2 centaur zombies (D:10)
  2 hounds (D:4)
  A gnoll shaman (D:9)
  12 orc priests
  An iguana (D:5)
  Jessica (D:3)
  6 hell rats (Lair:2)
  Terence (D:2)
  15 orc wizards
  13 gnolls
  5 adders
  2 ufetubi
  2 adder zombies (Ossuary)
  A worm (D:2)
  2 dart slugs
  65 orcs
  5 bats
  5 endoplasms
  A giant cockroach (D:2)
  2 gnoll zombies (Ossuary)
  6 goblins
  4 hobgoblins
  5 quokkas
  2 ball pythons (D:1)
  3 frilled lizards
  4 hobgoblin zombies (Ossuary)
  13 kobolds
  A kobold zombie (Ossuary)
  An orc zombie (Ossuary)
  5 rats
596 creatures vanquished.

Vanquished Creatures (collateral kills)
  Arachne (Spider:1)
  Agnes (Spider:2)
  A tengu reaver (D:14)
  Donald (Spider:4)
  Roxanne (Swamp:1)
  2 ghost moths (Spider:1)
  Aizul (Swamp:3)
  4 emperor scorpions
  The ghost of sammy202020 the Fighter, a journeyman PaBe of Trog (D:13)
  2 broodmothers
  Nessos (D:13)
  5 entropy weavers
  3 spark wasps
  The ghost of Tynuabry the Destroyer, a journeyman DECj of Vehumet (Lair:5)
  5 boulder beetles
  Josephine (Swamp:1)
  2 jorogumos
  Erolcha (Orc:1)
  Harold (Lair:2)
  2 radroaches (Spider:3)
  3 hydras
  2 catoblepae
  A centaur warrior (D:14)
  4 two-headed ogres
  2 alligators
  An orc high priest (Orc:2)
  Nergalle (Lair:3)
  5 pharaoh ants
  2 spriggan druids
  2 steelbarb worms
  2 sun moths
  6 orb spiders
  The ghost of boltboy the Slicer, a novice SpBr of Trog (D:10)
  8 bog bodies
  2 wizards
  3 swamp dragons
  2 deep elf pyromancers (D:14)
  2 spectral wolf spiders (Spider:2)
  2 will-o-the-wisps (Swamp:4)
  11 ugly things
  10 wolf spiders
  4 orc sorcerers (Orc:2)
  A wolf spider zombie (Spider:2)
  2 cyclopes
  4 elephants
  2 black mambas
  10 cane toads
  4 torpor snails
  A rime drake (Lair:3)
  A komodo dragon (Lair:5)
  6 demonic crawlers
  A freezing wraith (D:14)
  A swamp worm zombie (Swamp:4)
  A tengu conjurer (D:15)
  A troll (D:11)
  A yaktaur (D:14)
  4 meliai (Spider:4)
  2 wolf spider simulacra (Spider:2)
  3 tyrant leeches
  A polar bear (Lair:3)
  Prince Ribbit (D:7)
  12 tarantellas
  A hornet (Swamp:4)
  A slime creature (D:13)
  9 dream sheep
  7 blink frogs
  A centaur simulacrum (D:15)
  An alligator zombie (Swamp:4)
  10 culicivoras
  14 yaks
  18 jumping spiders
  2 spriggans
  2 wraiths (Swamp:1)
  5 hogs (Swamp:1)
  5 wyverns
  Grum (D:11)
  6 vampire mosquitoes
  29 redbacks
  3 basilisks
  A steam dragon (D:6)
  4 swamp worms
  An acid dragon (Gauntlet)
  10 water moccasins
  15 orc warriors
  A black bear (D:6)
  A sky beast (D:7)
  6 ogres
  7 centaurs
  9 wolves
  A lemure (D:7)
  6 bullfrogs
  2 kobold brigands
  A gnoll sergeant (D:10)
  3 water moccasin zombies (Ossuary)
  2 scorpions (D:6)
  A wight (D:4)
  2 killer bees (D:10)
  3 electric eels
  A howler monkey (D:9)
  9 orc priests
  3 hounds
  A hell rat (Lair:2)
  3 iguanas
  Ijyb (D:5)
  22 orc wizards
  A spectral swamp drake (Swamp:4)
  3 mummies
  9 gnolls
  An adder (D:5)
  A swamp drake zombie (Swamp:4)
  A shadow imp (D:5)
  An ufetubus (D:4)
  2 adder zombies (Ossuary)
  3 worms
  41 orcs
  A giant cockroach (D:4)
  3 gnoll zombies (Ossuary)
  A goblin (D:8)
  A hobgoblin (D:8)
  6 kobolds
  A quokka (D:3)
  A bat (D:3)
  A hobgoblin zombie (Ossuary)
  2 orc zombies (Ossuary)
483 creatures vanquished.

Vanquished Creatures (others)
  A ghost moth (Spider:3)
  A vampire knight (D:14)
  3 bloated husks
  2 wraiths (Swamp:1)
  A redback (Spider:3)
  A swamp dragon zombie (Swamp:4)
  A spectral swamp drake (Swamp:4)
  39 battlemagi
  A briar patch (Swamp:1)
  2 foxfires (Swamp:2)
  30 fungi
  96 plants
178 creatures vanquished.

Grand Total: 1257 creatures vanquished

Notes
Turn   | Place    | Note
-------+----------+-------------------------------------------
     0 | D:1      | enile the Gnoll Wanderer began the quest for the Orb.
     0 | D:1      | enile set off with the following items: a +2 mace, a +0
                  | spear, a wand of flame (5), a scroll of fog, a +0 leather
                  | armour
     0 | D:1      | Reached XP level 1. HP: 13/13 MP: 1/1
   185 | D:1      | Reached XP level 2. HP: 15/19 MP: 2/2
   832 | D:1      | Reached XP level 3. HP: 13/25 MP: 3/3
  1067 | D:1      | Found a faded altar of an unknown god.
  1216 | D:1      | Prayed at the altar of an unknown god.
  1216 | D:1      | Became a worshipper of Hepliaklqana the Forgotten
  1216 | D:1      | Reached * piety under Hepliaklqana
  1234 | D:2      | Noticed Terence
  1245 | D:2      | Killed Terence
  1246 | D:2      | Reached skill level 1 in Fighting
  1246 | D:2      | Reached skill level 1 in Short Blades
  1246 | D:2      | Reached skill level 1 in Long Blades
  1246 | D:2      | Reached skill level 1 in Axes
  1246 | D:2      | Reached skill level 1 in Staves
  1246 | D:2      | Reached skill level 1 in Slings
  1246 | D:2      | Reached skill level 1 in Bows
  1246 | D:2      | Reached skill level 1 in Crossbows
  1246 | D:2      | Reached skill level 1 in Throwing
  1246 | D:2      | Reached skill level 1 in Armour
  1246 | D:2      | Reached skill level 1 in Stealth
  1246 | D:2      | Reached skill level 1 in Shields
  1246 | D:2      | Reached skill level 1 in Unarmed Combat
  1246 | D:2      | Reached skill level 1 in Spellcasting
  1246 | D:2      | Reached skill level 1 in Invocations
  1246 | D:2      | Reached XP level 4. HP: 16/28 MP: 3/5
  2309 | D:3      | Reached skill level 1 in Conjurations
  2309 | D:3      | Reached skill level 1 in Hexes
  2309 | D:3      | Reached skill level 1 in Summonings
  2309 | D:3      | Reached skill level 1 in Necromancy
  2309 | D:3      | Reached skill level 1 in Translocations
  2309 | D:3      | Reached skill level 1 in Transmutations
  2309 | D:3      | Reached skill level 1 in Fire Magic
  2309 | D:3      | Reached skill level 1 in Ice Magic
  2309 | D:3      | Reached skill level 1 in Air Magic
  2309 | D:3      | Reached skill level 1 in Earth Magic
  2309 | D:3      | Reached skill level 1 in Poison Magic
  2312 | D:3      | Reached XP level 5. HP: 28/33 MP: 6/6
  2591 | D:3      | Noticed Jessica
  2605 | D:3      | Killed Jessica
  2670 | D:3      | Got Jessica's Catalogue of the Traveller
  2724 | D:3      | Reached ** piety under Hepliaklqana
  2731 | D:3      | Remembered your ancestor Artakama as a battlemage
  3029 | D:4      | Reached XP level 6. HP: 39/39 MP: 8/8
  3032 | D:4      | Reached skill level 5 in Evocations
  3331 | D:4      | Found a staircase to the Ecumenical Temple.
  3563 | D:4      | Reached XP level 7. HP: 45/45 MP: 10/10
  4202 | D:5      | Entered Level 5 of the Dungeon
  4216 | D:5      | Reached skill level 9 in Maces & Flails
  4367 | D:5      | Identified the +1 leather armour of the Beekeeper {rCorr}
  4479 | D:5      | Found a hazy altar of Hepliaklqana.
  4499 | D:5      | Reached XP level 8. HP: 39/51 MP: 12/12
  4768 | D:5      | Found an opulent altar of Gozag.
  4803 | D:5      | Noticed Ijyb
  4815 | D:5      | Killed Ijyb
  4949 | D:5      | Found a broken altar of Ashenzari.
  5139 | D:6      | Noticed Grinder
  5149 | D:6      | Killed Grinder
  5306 | D:6      | Reached XP level 9. HP: 30/58 MP: 10/14
  5378 | D:6      | Reached *** piety under Hepliaklqana
  5440 | D:6      | Found a sand-covered staircase.
  5591 | Ossuary  | Entered an ossuary
  5686 | Ossuary  | Reached skill level 5 in Dodging
  5876 | D:6      | Found a stormy altar of Qazlal.
  6313 | D:6      | Noticed a six-headed hydra
  6426 | D:6      | Reached skill level 5 in Invocations
  6717 | D:6      | Killed a six-headed hydra
  6718 | D:6      | Reached skill level 5 in Fighting
  6718 | D:6      | Reached skill level 5 in Short Blades
  6718 | D:6      | Reached skill level 5 in Long Blades
  6718 | D:6      | Reached skill level 5 in Axes
  6718 | D:6      | Reached skill level 5 in Staves
  6718 | D:6      | Reached skill level 5 in Slings
  6718 | D:6      | Reached skill level 5 in Bows
  6718 | D:6      | Reached skill level 5 in Crossbows
  6718 | D:6      | Reached skill level 5 in Throwing
  6718 | D:6      | Reached skill level 5 in Armour
  6718 | D:6      | Reached skill level 5 in Stealth
  6718 | D:6      | Reached skill level 5 in Shields
  6718 | D:6      | Reached skill level 5 in Unarmed Combat
  6718 | D:6      | Reached skill level 5 in Spellcasting
  6718 | D:6      | Reached XP level 10. HP: 14/66 MP: 5/17
  7106 | D:7      | Reached skill level 10 in Maces & Flails
  7298 | D:7      | Found a glowing golden altar of the Shining One.
  7378 | D:7      | Noticed Pikel
  7389 | D:7      | Killed Pikel
  7438 | D:7      | Noticed Prince Ribbit
  7464 | D:7      | Killed Prince Ribbit
  7700 | D:8      | Identified the +6 long sword "Nocwiut" {flame, rPois rCorr}
  8029 | D:8      | Found a flagged portal.
  8037 | Bailey   | Entered a bailey
  8158 | Bailey   | Got the Guide on Bewitchment and Arcane Weapons
  8565 | Bailey   | Reached XP level 11. HP: 68/72 MP: 17/19
  9178 | D:8      | Noticed a two-headed ogre
  9185 | D:8      | Killed a two-headed ogre
  9186 | D:8      | Reached skill level 5 in Conjurations
  9186 | D:8      | Reached skill level 5 in Hexes
  9186 | D:8      | Reached skill level 5 in Summonings
  9186 | D:8      | Reached skill level 5 in Necromancy
  9186 | D:8      | Reached skill level 5 in Translocations
  9186 | D:8      | Reached skill level 5 in Transmutations
  9186 | D:8      | Reached skill level 5 in Fire Magic
  9186 | D:8      | Reached skill level 5 in Ice Magic
  9186 | D:8      | Reached skill level 5 in Air Magic
  9186 | D:8      | Reached skill level 5 in Earth Magic
  9186 | D:8      | Reached skill level 5 in Poison Magic
  9565 | D:8      | Reached **** piety under Hepliaklqana
 10077 | D:9      | Noticed a two-headed ogre
 10087 | D:9      | Killed a two-headed ogre
 10087 | D:9      | Noticed a two-headed ogre
 10805 | D:9      | Noticed Maggie
 10815 | D:9      | Killed Maggie
 11217 | D:10     | Entered Level 10 of the Dungeon
 11238 | D:10     | Found a staircase to the Orcish Mines.
 11311 | D:10     | Identified the +3 ring mail of the Dropbear {rPois Int+4}
 11450 | D:10     | Found a runed translucent gate.
 11450 | D:10     | Found a runed translucent gate.
 11450 | D:10     | Found a runed translucent gate.
 11450 | D:10     | Noticed boltboy's ghost (novice SpBr)
 11520 | D:10     | Found a basalt altar of Yredelemnul.
 11926 | D:11     | Found a staircase to the Lair.
 11926 | D:11     | Noticed an oklob plant
 11928 | D:11     | Noticed an oklob plant
 11940 | D:11     | Killed an oklob plant
 11952 | D:11     | Killed an oklob plant
 11992 | D:11     | Reached XP level 12. HP: 80/80 MP: 22/22
 11992 | D:11     | Noticed a boulder beetle
 12010 | D:11     | Killed a boulder beetle
 12011 | D:11     | Reached skill level 11 in Maces & Flails
 12238 | D:11     | Noticed a two-headed ogre
 12243 | D:11     | Killed a two-headed ogre
 12340 | D:11     | Noticed a four-headed hydra
 12346 | D:11     | Killed a three-headed hydra
 12397 | D:11     | Noticed Grum
 12410 | D:11     | Killed Grum
 12664 | D:11     | Identified the ring of Fawnacov {rC+ rN+ Will+ Dex+6}
 12791 | D:11     | Reached ***** piety under Hepliaklqana
 12843 | Lair:1   | Entered Level 1 of the Lair of Beasts
 12850 | Lair:1   | Noticed a catoblepas
 12876 | Lair:1   | Killed a catoblepas
 12877 | Lair:1   | Reached skill level 10 in Polearms
 13535 | Lair:1   | Identified a scroll of acquirement
 13536 | Lair:1   | Acquired the ring of Moodiness {rPois Will- Str+8 Dex+3
                  | Stlth+}
 13888 | Lair:1   | Identified the +6 chain mail of Creativity {SInv}
 14327 | Lair:2   | Noticed Harold
 14338 | Lair:2   | Killed Harold
 14339 | Lair:2   | Reached XP level 13. HP: 64/88 MP: 15/24
 14435 | Lair:2   | Noticed Fannar
 14445 | Lair:2   | Killed Fannar
 15195 | Lair:2   | Found a staircase to the Swamp.
 15944 | Lair:3   | Noticed Nergalle
 15956 | Lair:3   | Killed Nergalle
 16170 | Lair:3   | Identified the +7 ring mail "Zixiati" {Regen+}
 16485 | Lair:3   | Reached skill level 12 in Maces & Flails
 16544 | Lair:3   | Found the +4 skin of Zhor {*Englaciate rC+++ SInv}
 16933 | Lair:4   | Found a gate leading to a gauntlet.
 16994 | Gauntlet | Entered a Gauntlet
 16994 | Gauntlet | Found a transporter.
 16994 | Gauntlet | Found a transporter.
 17012 | Gauntlet | Found a transporter.
 17016 | Gauntlet | Found a transporter.
 17024 | Gauntlet | Found a transporter.
 17028 | Gauntlet | Found a transporter.
 17032 | Gauntlet | Found a runed translucent door.
 17034 | Gauntlet | Found a runed translucent door.
 17034 | Gauntlet | Found the +0 pair of fencer's gloves {Riposte Dex+3}
 17036 | Gauntlet | Found a transporter.
 17052 | Gauntlet | Found a transporter.
 17053 | Gauntlet | Noticed a great orb of eyes
 17067 | Gauntlet | Found a transporter.
 17070 | Gauntlet | Found a transporter.
 17081 | Gauntlet | Found a transporter.
 17082 | Gauntlet | Found a transporter.
 17243 | Gauntlet | Got the Handbook of the Ashen Oath
 17265 | Gauntlet | Noticed an emperor scorpion
 17265 | Gauntlet | a four-headed hydra changed into an emperor scorpion
 17266 | Gauntlet | Noticed an eleionoma
 17266 | Gauntlet | an emperor scorpion changed into an eleionoma
 17268 | Gauntlet | Noticed an azure jelly
 17268 | Gauntlet | an eleionoma changed into an azure jelly
 17274 | Gauntlet | Noticed a fenstrider witch
 17274 | Gauntlet | an azure jelly changed into a fenstrider witch
 17277 | Gauntlet | Noticed a golden dragon
 17277 | Gauntlet | a fenstrider witch changed into a golden dragon
 17277 | Gauntlet | Noticed an iron giant
 17277 | Gauntlet | a golden dragon changed into an iron giant
 17282 | Gauntlet | Noticed a golden dragon
 17282 | Gauntlet | an iron giant changed into a golden dragon
 17283 | Gauntlet | Noticed a shadow dragon
 17283 | Gauntlet | a golden dragon changed into a shadow dragon
 17289 | Gauntlet | Noticed a sphinx
 17289 | Gauntlet | a shadow dragon changed into a sphinx
 17291 | Gauntlet | Noticed a fire giant
 17291 | Gauntlet | a sphinx changed into a fire giant
 17297 | Gauntlet | a fire giant changed into an iron troll
 17299 | Gauntlet | Noticed a shadow dragon
 17299 | Gauntlet | an iron troll changed into a shadow dragon
 17309 | Gauntlet | Noticed a sphinx
 17309 | Gauntlet | a shadow dragon changed into a sphinx
 17311 | Gauntlet | Noticed an eleionoma
 17311 | Gauntlet | a sphinx changed into an eleionoma
 17314 | Gauntlet | Noticed a frost giant
 17314 | Gauntlet | an eleionoma changed into a frost giant
 17316 | Gauntlet | Noticed an eleionoma
 17316 | Gauntlet | a frost giant changed into an eleionoma
 17318 | Gauntlet | Identified the +10 trident of the Sugar Beet {vamp, rC+
                  | rCorr Dex-5 Stlth+}
 17320 | Gauntlet | Noticed a stone giant
 17320 | Gauntlet | an eleionoma changed into a stone giant
 17322 | Gauntlet | Noticed a sphinx
 17322 | Gauntlet | a stone giant changed into a sphinx
 17335 | Gauntlet | Noticed an eleionoma
 17352 | Gauntlet | an eleionoma changed into an iron troll
 17357 | Gauntlet | Noticed an azure jelly
 17357 | Gauntlet | an iron troll changed into an azure jelly
 17373 | Gauntlet | an azure jelly changed into an iron troll
 17378 | Gauntlet | Noticed a fenstrider witch
 17378 | Gauntlet | an iron troll changed into a fenstrider witch
 17379 | Gauntlet | Noticed a frost giant
 17379 | Gauntlet | a fenstrider witch changed into a frost giant
 17385 | Gauntlet | Noticed a caustic shrike
 17385 | Gauntlet | a frost giant changed into a caustic shrike
 17388 | Gauntlet | Noticed a shadow dragon
 17388 | Gauntlet | a caustic shrike changed into a shadow dragon
 17389 | Gauntlet | a shadow dragon changed into an iron troll
 17390 | Gauntlet | Noticed a dire elephant
 17390 | Gauntlet | an iron troll changed into a dire elephant
 17397 | Gauntlet | Noticed a fire giant
 17397 | Gauntlet | a dire elephant changed into a fire giant
 17398 | Gauntlet | a fire giant changed into an iron troll
 17402 | Gauntlet | Noticed an azure jelly
 17402 | Gauntlet | an iron troll changed into an azure jelly
 17403 | Gauntlet | Noticed a stone giant
 17403 | Gauntlet | an azure jelly changed into a stone giant
 17415 | Gauntlet | a stone giant changed into an alligator snapping turtle
 17424 | Gauntlet | Noticed a quicksilver dragon
 17424 | Gauntlet | an alligator snapping turtle changed into a quicksilver
                  | dragon
 17425 | Gauntlet | Noticed a shadow dragon
 17425 | Gauntlet | a quicksilver dragon changed into a shadow dragon
 17426 | Gauntlet | Noticed a stone giant
 17426 | Gauntlet | a shadow dragon changed into a stone giant
 17427 | Gauntlet | Noticed a sphinx
 17427 | Gauntlet | a stone giant changed into a sphinx
 17428 | Gauntlet | Noticed a stone giant
 17428 | Gauntlet | a sphinx changed into a stone giant
 17433 | Gauntlet | Noticed a shadow dragon
 17433 | Gauntlet | a stone giant changed into a shadow dragon
 17435 | Gauntlet | Noticed a frost giant
 17435 | Gauntlet | a shadow dragon changed into a frost giant
 17438 | Gauntlet | a frost giant changed into an iron troll
 17441 | Gauntlet | Noticed a fire giant
 17441 | Gauntlet | an iron troll changed into a fire giant
 17445 | Gauntlet | Noticed an azure jelly
 17445 | Gauntlet | a fire giant changed into an azure jelly
 17447 | Gauntlet | Noticed a fenstrider witch
 17447 | Gauntlet | an azure jelly changed into a fenstrider witch
 17448 | Gauntlet | Noticed a sphinx
 17448 | Gauntlet | a fenstrider witch changed into a sphinx
 17450 | Gauntlet | Noticed a fenstrider witch
 17450 | Gauntlet | a sphinx changed into a fenstrider witch
 17486 | Gauntlet | Identified the +5 flail "Beynkimo" {venom, rPois Will+++
                  | MP+9 Int-3}
 17486 | Gauntlet | Identified the +0 crystal plate armour "Rappideceb"
                  | {Rampage Will+ Regen+}
 17486 | Gauntlet | Noticed a minotaur
 17498 | Gauntlet | Killed a minotaur
 17577 | Gauntlet | Identified the +6 rapier of Articulation {vorpal, Dex+4}
 17586 | Gauntlet | Identified the +0 trident "Waimne" {freeze, *Corrode rElec
                  | Str+4 Stlth+}
 17589 | Gauntlet | Got Soaq's Compendium of Air and Ignition
 17712 | Lair:4   | Reached skill level 10 in Evocations
 17712 | Lair:4   | Reached XP level 14. HP: 91/93 MP: 26/26
 17791 | Lair:4   | Found a sacrificial altar of Ru.
 17852 | Lair:4   | Found a hole to the Spider Nest.
 17881 | Lair:4   | Acquired 1002 gold pieces
 17909 | Lair:4   | Reached ****** piety under Hepliaklqana
 18331 | Lair:5   | Found a runed translucent door.
 18331 | Lair:5   | Noticed Tynuabry's ghost (journeyman DECj)
 18926 | Lair:5   | Found a viscous altar of Jiyva.
 18926 | Lair:5   | Found a staircase to the Slime Pits.
 19054 | Lair:5   | Killed Tynuabry's ghost
 19107 | Lair:6   | Entered Level 6 of the Lair of Beasts
 19116 | Lair:6   | Reached skill level 10 in Invocations
 19666 | Lair:6   | Reached skill level 10 in Dodging
 19881 | Lair:6   | Reached XP level 15. HP: 103/103 MP: 28/28
 20345 | Orc:1    | Entered Level 1 of the Orcish Mines
 20348 | Orc:1    | Noticed Erolcha
 20360 | Orc:1    | Killed Erolcha
 20598 | Orc:2    | Entered Level 2 of the Orcish Mines
 20638 | Orc:2    | Found Maiperau's Assorted Antiques.
 20677 | Orc:2    | Bought a brightly glowing leather armour for 203 gold
                  | pieces
 20677 | Orc:2    | Identified the +1 leather armour of Cocytus {rC- Will+
                  | Int+3} (You bought it in a shop on level 2 of the Orcish
                  | Mines)
 20677 | Orc:2    | Bought an agate ring for 145 gold pieces
 20756 | Orc:2    | Found Sudwaed's Magic Scroll Boutique.
 20756 | Orc:2    | Found Elyiroum's Book Emporium.
 20760 | Orc:2    | Reached skill level 10 in Fighting
 20760 | Orc:2    | Reached skill level 10 in Short Blades
 20760 | Orc:2    | Reached skill level 10 in Long Blades
 20760 | Orc:2    | Reached skill level 10 in Axes
 20760 | Orc:2    | Reached skill level 10 in Staves
 20760 | Orc:2    | Reached skill level 10 in Slings
 20760 | Orc:2    | Reached skill level 10 in Bows
 20760 | Orc:2    | Reached skill level 10 in Crossbows
 20760 | Orc:2    | Reached skill level 10 in Throwing
 20760 | Orc:2    | Reached skill level 10 in Armour
 20760 | Orc:2    | Reached skill level 10 in Stealth
 20760 | Orc:2    | Reached skill level 10 in Shields
 20760 | Orc:2    | Reached skill level 10 in Unarmed Combat
 20760 | Orc:2    | Reached skill level 10 in Spellcasting
 20767 | Orc:2    | Bought a book of Spatial Translocations for 468 gold pieces
 20781 | Orc:2    | Learned a level 2 spell: Blink
 20796 | Orc:2    | Bought a scroll of summoning for 152 gold pieces
 20796 | Orc:2    | Bought a scroll of summoning for 152 gold pieces
 20868 | Orc:2    | Found a staircase to the Elven Halls.
 21088 | Orc:2    | Reached skill level 13 in Maces & Flails
 21112 | Orc:2    | Found Kitawar's General Store.
 21112 | Orc:2    | Found Zeat's Weapon Emporium.
 21132 | Orc:2    | Bought 2 potions of haste for 300 gold pieces
 21132 | Orc:2    | Bought a potion of curing for 45 gold pieces
 21408 | D:10     | Killed boltboy's ghost
 21964 | D:12     | Found a portal to a secret trove of treasure.
 22087 | D:13     | Noticed Sonja
 22097 | D:13     | Killed Sonja
 22157 | D:13     | Found a runed translucent gate.
 22158 | D:13     | Found a runed translucent gate.
 22160 | D:13     | Found a runed translucent gate.
 22163 | D:13     | Noticed sammy202020's ghost (journeyman PaBe)
 22429 | D:13     | Noticed Nessos
 22438 | D:13     | Killed Nessos
 22644 | D:13     | Killed sammy202020's ghost
 23094 | D:14     | Noticed a frost giant
 23111 | D:14     | Killed a frost giant
 23148 | D:14     | Noticed a tengu reaver
 23161 | D:14     | Killed a tengu reaver
 23300 | D:14     | Noticed a tengu reaver
 23310 | D:14     | Killed a tengu reaver
 23311 | D:14     | Reached XP level 16. HP: 80/110 MP: 30/30
 23535 | D:14     | Found a gate to the Vaults.
 23913 | D:15     | Entered Level 15 of the Dungeon
 24271 | D:15     | Found a shadowy altar of Dithmenos.
 24591 | D:15     | Found a staircase to the Depths.
 24808 | Spider:1 | Entered Level 1 of the Spider Nest
 25193 | Spider:1 | Learned a level 5 spell: Borgnjor's Vile Clutch
 25505 | Spider:1 | Identified the +1 falchion of Sin {vamp, Fragile Str+3
                  | Dex+6}
 26453 | Spider:2 | Noticed Arachne
 26645 | Spider:1 | Killed Arachne
 27040 | Spider:2 | Learned a level 5 spell: Lightning Bolt
 28518 | Spider:2 | Noticed Agnes
 28529 | Spider:2 | Reached XP level 17. HP: 87/117 MP: 1/32
 28530 | Spider:2 | Reached skill level 14 in Maces & Flails
 28593 | Spider:2 | Killed Agnes
 28827 | Spider:2 | Found a runed translucent gate.
 28827 | Spider:2 | Found a runed translucent gate.
 28828 | Spider:2 | Found a runed translucent gate.
 28829 | Spider:2 | Noticed Efeguoh's ghost (adept SpEn)
 30762 | Spider:3 | Reached skill level 10 in Conjurations
 30762 | Spider:3 | Reached skill level 10 in Hexes
 30762 | Spider:3 | Reached skill level 10 in Summonings
 30762 | Spider:3 | Reached skill level 10 in Necromancy
 30762 | Spider:3 | Reached skill level 10 in Translocations
 30762 | Spider:3 | Reached skill level 10 in Transmutations
 30762 | Spider:3 | Reached skill level 10 in Fire Magic
 30762 | Spider:3 | Reached skill level 10 in Ice Magic
 30762 | Spider:3 | Reached skill level 10 in Air Magic
 30762 | Spider:3 | Reached skill level 10 in Earth Magic
 30762 | Spider:3 | Reached skill level 10 in Poison Magic
 31690 | Spider:4 | Entered Level 4 of the Spider Nest
 32314 | Spider:4 | Reached XP level 18. HP: 31/126 MP: 34/34
 32315 | Spider:4 | HP: 4/126 [cloud of flame (5)]
 32649 | Spider:4 | Got a gossamer rune of Zot
 33223 | Spider:4 | Identified the +2 kite shield of Indemnity {Harm Will-
                  | Dex+4}
 33223 | Spider:4 | Noticed Donald
 33231 | Spider:4 | Killed Donald
 33965 | Swamp:1  | Entered Level 1 of the Swamp
 34028 | Swamp:1  | Noticed Josephine
 34031 | Swamp:1  | Noticed Nikola
 34117 | Swamp:1  | Noticed Kirke
 34269 | Swamp:1  | Killed Nikola
 34310 | Swamp:1  | Killed Josephine
 34553 | Swamp:1  | Noticed Roxanne
 34581 | Swamp:1  | Killed Roxanne
 34738 | Swamp:1  | Killed Kirke
 35857 | Swamp:3  | Noticed Aizul
 35873 | Swamp:3  | Killed Aizul
 36015 | Swamp:3  | Reached skill level 15 in Maces & Flails
 36369 | Swamp:4  | Entered Level 4 of the Swamp
 36956 | Swamp:4  | HP: 2/127 [oklob plant/splash of acid (18)]
 36956 | Swamp:4  | Mangled by a spectral four-headed hydra

Illustrated notes

Levels and vault maps discovered:
D:1:      saegor_arrival_simple_e, layout_rooms,
          shapermc_ecumenical_altar_acropolis, minivault_26
D:2:      minmay_wonky_spiral, layout_rooms, uniq_terence
D:3:      layout_rooms, kennysheep_jessica_study, uniq_jessica
D:4:      minmay_general_purpose_star, layout_basic, temple_doors_e,
          skrybe_limestone_x, corexii_item_surrounded_by_moat
D:5:      layout_layer_cave, general_overflow_altar,
          mainiacjoe_overflow_alcove_1,
          nicolae_gozag_cash_rules_everything_around_me, uniq_ijyb
D:6:      minmay_chambers_of_sixes, layout_basic,
          nicolae_overflow_crystal_walls, gup_ossuary_entry_pyramid,
          uniq_grinder
D:7:      layout_basic, mainiacjoe_overflow_brackets, lemuel_old_faithful,
          uniq_prince_ribbit1, uniq_pikel
D:8:      layout_basic, enter_bailey_4
D:9:      layout_roguey, serial_corexii_hall, corexii_hall_statues_x,
          corexii_hall_statues_l, chequers_hall_statues_corner_a, uniq_maggie
D:10:     layout_roguey, nicolae_yredelemnul_ghost_church, david_orc_2,
          kennysheep_small_circle
D:11:     layout_cave_pools, dpeg_oklobed_lair, uniq_grum
D:12:     layout_basic, trove_entry_hex_spiral
D:13:     layout_rooms, biasface_ghost_orc_armoury, uniq_nessos, uniq_sonja
D:14:     minmay_octo_star, layout_long_grid, david_vaults_1
D:15:     grunt_enter_depths_snipers, layout_loops_ring,
          grunt_decor_mini_mirrors, grunt_dithmenos_smoke_and_mirrors
Lair:1:   layout_concentric_octagons, st_stairs_5, nicolae_lair_grazing_beasts
          [nicolae_sub_lair_graze_edge, nicolae_sub_lair_graze_edge,
          nicolae_sub_lair_graze_edge, nicolae_sub_lair_graze_edge]
Lair:2:   layout_layer_cave, nicolae_swamp_entry_splash_gauntlet,
          grunt_megastairs_2, serial_bayou_shore_a, uniq_fannar, uniq_harold
Lair:3:   layout_loops_ring, minmay_lair_oklob_bushes, minivault_24,
          hellmonk_guarded_unrand_zhor, uniq_nergalle
Lair:4:   layout_regular_city, nicolae_spider_entry_orb_guardian, basic_altar,
          gauntlet_entry_generic
Lair:5:   layout_regular_city, dpeg_slime_entry_enclosed_altar,
          hellmonk_ghost_happy_afterlife, serial_bayou_shore_b,
          lemuel_fruit_fields
Lair:6:   minmay_lair_end_frog_pond, layout_regular_city, st_stairs_13
Swamp:1:  layout_basic_swamp, hangedman_swamp_pad, uniq_nikola, uniq_kirke,
          uniq_roxanne, uniq_josephine
Swamp:2:  nicolae_swamp_ascending_descending_big, layout_basic_swamp,
          wheals_swamp_sinkhole
Swamp:3:  layout_basic_swamp, serial_swamp_ruin, evilmike_swamp_ruin_house_3,
          evilmike_swamp_ruin_house_6, uniq_aizul
Swamp:4:  swamp_pestilence, layout_basic_swamp
Spider:1: layout_chambers
Spider:2: layout_spider_delve, gammafunk_ghost_tricky_traps,
          nicolae_spider_undead_wolf_pack, uniq_agnes, uniq_arachne
Spider:3: nicolae_spider_hilbert_zone_1 [nicolae_spider_hilbert_4_sides_1_open,
          nicolae_spider_hilbert_4_sides_1_open,
          nicolae_spider_hilbert_4_sides_1_open,
          nicolae_spider_hilbert_4_sides_1_open,
          nicolae_spider_hilbert_3_sides_1_open,
          nicolae_spider_hilbert_3_sides_1_open,
          nicolae_spider_hilbert_3_sides_1_open,
          nicolae_spider_hilbert_3_sides_1_open,
          nicolae_spider_hilbert_3_sides_1_open,
          nicolae_spider_hilbert_6_sides_1_open,
          nicolae_spider_hilbert_6_sides_1_open,
          nicolae_spider_hilbert_3_sides_1_open,
          nicolae_spider_hilbert_3_sides_1_open,
          nicolae_spider_hilbert_3_sides_1_open,
          nicolae_spider_hilbert_3_sides_1_open,
          nicolae_spider_hilbert_2_sides_1_open]
Spider:4: hellmonk_spider_rune_bug_friends, uniq_donald
Orc:1:    layout_diamond_mine, serial_shops, nicolae_shop_hallway_plus,
          basic_altar, uniq_erolcha, uniq_amaemon
Orc:2:    st_orc_town, layout_caves, serial_shops, shop

Skill      XL: |  1  2  3  4  5  6  7  8  9 10 11 12 13 14 15 16 17 18 |
---------------+-------------------------------------------------------+-----
Fighting       | 1 2 3 5 6 7 8 9 10 11 12 | 12.7
Short Blades   | 1 2 3 5 6 7 8 9 10 11 12 | 12.7
Long Blades    | 1 2 3 5 6 7 8 9 10 11 12 | 12.7
Axes           | 1 2 3 5 6 7 8 9 10 11 12 | 12.7
Staves         | 1 2 3 5 6 7 8 9 10 11 12 | 12.7
Slings         | 1 2 3 5 6 7 8 9 10 11 12 | 12.7
Bows           | 1 2 3 5 6 7 8 9 10 11 12 | 12.7
Crossbows      | 1 2 3 5 6 7 8 9 10 11 12 | 12.7
Throwing       | 1 2 3 5 6 7 8 9 10 11 12 | 12.7
Armour         | 1 2 3 5 6 7 8 9 10 11 12 | 12.7
Stealth        | 1 2 3 5 6 7 8 9 10 11 12 | 12.7
Shields        | 1 2 3 5 6 7 8 9 10 11 12 | 12.7
Unarmed Combat | 1 2 3 5 6 7 8 9 10 11 12 | 12.7
Spellcasting   | 1 2 3 5 6 7 8 9 10 11 12 | 12.7
Invocations    | 1 2 3 4 5 6 7 8 9 10 11 12 13 | 13.8
Conjurations   | 1 2 3 4 5 6 7 8 9 10 | 10.8
Hexes          | 1 2 3 4 5 6 7 8 9 10 | 10.8
Summonings     | 1 2 3 4 5 6 7 8 9 10 | 10.8
Necromancy     | 1 2 3 4 5 6 7 8 9 10 | 10.8
Translocations | 1 2 3 4 5 6 7 8 9 10 | 10.8
Transmutations | 1 2 3 4 5 6 7 8 9 10 | 10.8
Fire Magic     | 1 2 3 4 5 6 7 8 9 10 | 10.8
Ice Magic      | 1 2 3 4 5 6 7 8 9 10 | 10.8
Air Magic      | 1 2 3 4 5 6 7 8 9 10 | 10.8
Earth Magic    | 1 2 3 4 5 6 7 8 9 10 | 10.8
Poison Magic   | 1 2 3 4 5 6 7 8 9 10 | 10.8
Dodging        | 3 4 5 6 7 8 9 10 11 12 13 | 13.0
Evocations     | 5 6 7 8 9 10 11 12 13 | 13.5
Polearms       | 7 8 9 10 11 12 13 14 | 14.2
Maces & Flails | 9 10 11 12 13 14 15 | 15.1

Action                   |  1- 3 |  4- 6 |  7- 9 | 10-12 | 13-15 | 16-18 || total
-------------------------+-------+-------+-------+-------+-------+-------++-------
Melee: Mace              |    65 |    58 |       |       |       |       ||   123
       Punch             |     2 |       |       |       |       |       ||     2
       Bite              |     1 |    16 |    30 |    48 |   144 |   322 ||   561
       Falchion          |       |    41 |       |       |       |  1200 ||  1241
       Morningstar       |       |     4 |   200 |    44 |       |       ||   248
       Long sword        |       |       |       |   323 |   833 |   134 ||  1290
       Unarmed           |       |       |       |       |       |    10 ||    10
Throw: Dart              |       |       |       |     1 |       |     6 ||     7
       Javelin           |       |       |       |    65 |    57 |   239 ||   361
       Throwing net      |       |       |       |     1 |     6 |     5 ||    12
 Cast: Blink             |       |       |       |       |     1 |     5 ||     6
       Borgnjor's Vile C |       |       |       |       |       |    26 ||    26
       Lightning Bolt    |       |       |       |       |       |     2 ||     2
Invok: Ancestor Life: Ba |       |     1 |       |       |       |       ||     1
       Recall Ancestor   |       |       |     1 |     3 |     1 |     2 ||     7
       Idealise          |       |       |       |     1 |     1 |     4 ||     6
Evoke: Wand              |       |     5 |     6 |    50 |     2 |    19 ||    82
  Use: Potion            |       |     2 |     5 |     3 |     5 |     9 ||    24
       Scroll            |       |     4 |    10 |     9 |    13 |    17 ||    53
 Stab: Sleeping          |     1 |     5 |     7 |     9 |     5 |     4 ||    31
       Distracted        |       |       |     4 |     6 |    21 |    40 ||    71
       Paralysed         |       |       |       |     2 |     4 |       ||     6
       Petrified         |       |       |       |       |     2 |       ||     2
       Held in net/web   |       |       |       |       |     2 |     4 ||     6
Armor: Leather armour    |    20 |    19 |    50 |    23 |       |       ||   112
       Skin              |       |       |       |    20 |       |       ||    20
       Ring mail         |       |       |       |    70 |    33 |       ||   103
       Chain mail        |       |       |       |     5 |    48 |       ||    53
       Crystal plate arm |       |       |       |       |   322 |   370 ||   692
       Animal skin       |       |       |       |       |       |   158 ||   158
Dodge: Dodged            |    27 |    70 |   119 |   263 |   271 |  1038 ||  1788
Block: Buckler           |       |       |    61 |   182 |    98 |       ||   341
       Kite shield       |       |       |       |       |   467 |  1464 ||  1931
       Rpst.: Long sword |       |       |       |       |    39 |     6 ||    45
       Falchion          |       |       |       |       |       |   152 ||   152

Table legend: (Time is in decaauts)
 A = Elapsed time spent in this place.
 B = Non-inter-level travel time spent in this place.
 C = Inter-level travel time spent in this place.
 D = Time resting spent in this place.
 E = Time spent auto-exploring this place.
 F = Levels seen in this place.
 G = Mean time per level.
                   A        B        C        D        E       F      G
               +--------+--------+--------+--------+--------+-----+--------+
         Total |  37422 |  34831 |   2591 |   3682 |  23069 |  34 | 1100.6 |
       Dungeon |  15451 |  14579 |    872 |   1218 |  10444 |  15 | 1030.1 |
          Lair |   6741 |   6188 |    553 |    191 |   4682 |   6 | 1123.5 |
         Swamp |   3191 |   3013 |    178 |    239 |   1926 |   4 |  797.8 |
   Spider Nest |   9019 |   8111 |    908 |   1728 |   4445 |   4 | 2254.8 |
  Orcish Mines |   1032 |    952 |     80 |      0 |    695 |   2 |  516.0 |
       Ossuary |    256 |    256 |      0 |      0 |    158 |   1 |  256.0 |
        Bailey |   1122 |   1122 |      0 |    197 |    525 |   1 | 1122.0 |
      Gauntlet |    607 |    607 |      0 |    108 |    192 |   1 |  607.0 |
               +--------+--------+--------+--------+--------+-----+--------+

Top non-repeatable levels by time:
Spider:1: 4032 daAuts
Spider:4: 2086 daAuts
  Lair:2: 1903 daAuts
Spider:3: 1656 daAuts
     D:6: 1644 daAuts
     D:8: 1474 daAuts
     D:1: 1428 daAuts
    D:11: 1402 daAuts
     D:4: 1338 daAuts
Spider:2: 1243 daAuts
  Lair:6: 1146 daAuts
  Bailey: 1122 daAuts
 Swamp:1: 1095 daAuts
    D:14: 1053 daAuts
  Lair:3: 1007 daAuts
